AoeStats
← Hößi

Arabia

510506196Analyzed
1v1 RM · 8h ago on Oct 1, 2026· 45m 44s· 2 players
Game mode
Random Map
Map size
Tiny (2 player)
Population
200
Speed
Normal
Resources
Standard
Victory
Conquest
Starting age
Dark Age
Ending age
Imperial Age
RankedLock teamsTeams togetherTeam positionsShared explorationLock speedFull tech treeHidden civsTurbo modeCheats
Victory
Defeat
🇩🇪 Khitans · Germany
1365
+14
🇪🇸 Danes · Spain
1322
-14
PetrusDux
10:46 Feudal Age
9:20 Loom
11:22 Feudal Age
15:30 Castle Age
13:29 Horse Collar
21:54 Pikeman
24:32 Double-Bit Axe
27:50 Scale Mail Armor
28:05 Forging
29:39 Chain Mail Armor
32:44 Fletching
34:54 Squires
35:56 Ballistics
37:18 Bodkin Arrow
38:27 Arson
39:29 Iron Casting
44:36 Imperial Age
Hößi
6:57 Loom
9:32 Feudal Age
10:19 Double-Bit Axe
12:28 Domestication
16:21 Forging
17:48 Scale Barding Armor
22:25 Castle Age
21:24 Fletching
22:28 Light Cavalry
23:46 Iron Casting
24:55 Husbandry
27:02 Gold Mining
27:12 Bodkin Arrow
29:06 Thumb Ring
29:47 Heavy Cavalry Archer
32:14 Chain Barding Armor
31:54 Padded Archer Armor
36:32 Imperial Age
34:43 Wheelbarrow
36:12 Ballistics
37:39 Hand Cart
39:27 Chemistry
39:19 Parthian Tactics
40:02 Stone Mining
40:35 Bow Saw
40:28 Pastoralism
41:06 Masonry
41:17 Bracer
42:39 Ordo Cavalry
42:49 Town Watch
45:03 Elite Steppe Lancer
Connection lost

Rejoining the realm…

Still unreachable

The connection could not be restored.

Session expired

The server has moved on; the page needs a fresh start.